 Dungeon Crawl Stone Soup version 0.18.1-5-g4a78601 (webtiles) character file.

312 MARSONE the Shield-Bearer (level 6, -15/40 HPs)
             Began as a Gargoyle Fighter on May 13, 2016.
             Was a Follower of Makhleb.
             Demolished by an ogre
             ... wielding a +0 giant club
              (20 damage)
             ... on level 4 of the Dungeon.
             The game lasted 00:24:08 (3702 turns).

MARSONE the Shield-Bearer (Gargoyle Fighter)        Turns: 3702, Time: 00:24:08

Health: -15/40     AC: 14    Str: 21    XL:     6   Next: 42%
Magic:  6/6        EV:  5    Int:  9    God:    Makhleb [*.....]
Gold:   189        SH:  0    Dex:  9    Spells: 0 memorised, 5 levels left

rFire  + . .     SeeInvis .     a - +0 war axe
rCold  x . .     Gourm    .     J - +0 chain mail
rNeg   + . .     Faith    .     c - +0 shield
rPois  ∞         Spirit   .     (no helmet)
rElec  +         Dismiss  .     (no cloak)
rCorr  .         Reflect  .     (no gloves)
SustAt .         Harm     .     (no boots)
MR     .....                    (no amulet)
Stlth  ..........               F - +3 ring of slaying
                                z - ring of fire

@: confused, not resistant to hostile enchantments, extremely unstealthy
A: negative energy resistance 1, electricity resistance, unbreathing,
petrification resistance, rot immunity, AC +4
a: Renounce Religion


You were on level 4 of the Dungeon.
You worshipped Makhleb.
Makhleb was aware of your devotion.
You were hungry.

You visited 1 branch of the dungeon, and saw 4 of its levels.

You collected 189 gold pieces.

Inventory:

Hand Weapons
 a - a +0 war axe (weapon)
Missiles
 d - 6 large rocks
 i - 68 stones (quivered)
 l - 35 sling bullets
 o - 30 arrows
 v - 32 bolts
 C - 23 poisoned needles
Armour
 b - a +0 scale mail
 c - a +0 shield (worn)
 J - a +0 chain mail (worn)
Jewellery
 z - a ring of fire (left hand)
 F - a +3 ring of slaying (right hand)
 H - an uncursed ring of magical power
Wands
 w - a wand of confusion (30/48)
 A - a wand of polymorph (9/24)
Scrolls
 m - 3 scrolls of identify
 q - 3 scrolls of recharging {unknown}
 s - a scroll of immolation {unknown}
 y - a scroll of teleportation {unknown}
 G - a scroll of remove curse {unknown}
 I - a scroll of amnesia {unknown}
Potions
 e - 3 potions of degeneration {unknown}
 h - a potion of resistance {unknown}
 j - a potion of magic {unknown}
 k - a potion of flight {unknown}
 p - a potion of lignification {unknown}
 r - a potion of agility {unknown}
 t - 2 potions of heal wounds {unknown}
 D - a potion of curing {unknown}
 E - a potion of brilliance {unknown}
Comestibles
 f - 4 bread rations
 g - a meat ration
 u - 3 slices of pizza
 B - a chunk of flesh


   Skills:
 + Level 4.8 Fighting
 + Level 2.8 Axes
 + Level 4.5 Armour
 - Level 0.2 Dodging
 + Level 5.1 Shields
 * Level 0.2 Invocations


You had 5 spell levels left.
You didn't know any spells.

Dungeon Overview and Level Annotations

Branches:
Dungeon (4/15)
 Temple: D:4-7

Altars:
Ashenzari
Dithmenos
Fedhas
Makhleb
Qazlal
Ru
Sif Muna
Trog
Xom
Yredelemnul
Zin


Innate Abilities, Weirdness & Mutations

You are resistant to torment.
Your stone body is resilient (AC +4).
You are immune to poison.
You resist negative energy.
You are resistant to electric shocks.
You can survive without breathing.
You are immune to petrification.
You are immune to rotting.


Message History

You block the ogre's attack. The orc hits you but does no damage.
The orc priest casts a cantrip, but nothing happens.
The orc priest calls down the wrath of Beogh upon you.
Beogh smites you!
The orc priest miscasts a cantrip.
The orc priest invokes the aid of Beogh against you.
Beogh smites you!
An orc wizard appears from thin air!
Reactivating autopickup.
The orc wizard points at you and mumbles some strange words.
You are confused.
The orc priest invokes the aid of Beogh against you.
Beogh smites you!
* * * LOW HITPOINT WARNING * * *
The orc wizard gestures at you while chanting.
You resist with some effort. The orc hits you but does no damage.
The orc hits you but does no damage. The ogre hits you with a giant club!!
Ouch! That really hurt!
You die...

***,******* #...######.#..>..#
....,,....# #.................
.....,..#.######...#...........#.
<....##.#.#.............##..####.
........................##..# #.
.(...#..$...<...........##..# ##
........)..###..........##..##
...........# #.#...........#.#
#.##.......# #.#@o..#######..#
.{...o%..#.# #.#.O..# ##.#
####.......# #.#o...# #.####
,,,#.##o######.o....# #.....
*#.#.##............## #####.
*#.....o.###......o####### #.
.....###o###..###..#.....# ##
###### #.##.....#o...###.#
#.##...#......# #.#


You could see an ogre, an orc priest, an orc wizard and 3 orcs.

Vanquished Creatures
  A vampire bat (D:3)
  A jelly (D:3)
  A howler monkey skeleton (D:4)
  6 adders
  3 oozes (D:2)
  2 worms
  3 dart slugs
  3 fire bats (D:3)
  2 giant geckos (D:2)
  6 orcs (D:3)
  2 spectral bats (D:3)
  3 bat skeletons (D:3)
  A bat zombie (D:3)
  2 giant cockroaches
  5 goblins
  8 hobgoblins
  A jackal (D:3)
  2 quokkas
  A ball python (D:2)
  19 bats
  A bat simulacrum (D:3)
  7 giant newts
  6 kobolds
  3 rats (D:2)
89 creatures vanquished.

Notes
Turn   | Place    | Note
--------------------------------------------------------------
     0 | D:1      | MARSONE the Gargoyle Fighter began the quest for the Orb.
     0 | D:1      | Reached XP level 1. HP: 14/14 MP: 1/1
   330 | D:1      | Reached XP level 2. HP: 19/19 MP: 2/2
  1007 | D:2      | Reached XP level 3. HP: 17/24 MP: 3/3
  1205 | D:2      | Reached skill level 4 in Shields
  1389 | D:2      | Reached XP level 4. HP: 29/29 MP: 4/4
  1463 | D:2      | Found a shattered altar of Ashenzari.
  1481 | D:2      | Found a sacrificial altar of Ru.
  1482 | D:2      | Found a glowing silver altar of Zin.
  1482 | D:2      | Found a blossoming altar of Fedhas.
  1482 | D:2      | Found a stormy altar of Qazlal.
  1482 | D:2      | Found a shimmering altar of Xom.
  1485 | D:2      | Found a basalt altar of Yredelemnul.
  1490 | D:2      | Found a burning altar of Makhleb.
  1501 | D:2      | Found a bloodstained altar of Trog.
  1515 | D:2      | Became a worshipper of Makhleb the Destroyer
  2375 | D:3      | Found a shadowy altar of Dithmenos.
  2413 | D:3      | Reached XP level 5. HP: 33/33 MP: 5/5
  2769 | D:3      | Reached * piety under Makhleb
  2869 | D:3      | Reached skill level 5 in Shields
  2869 | D:3      | Reached XP level 6. HP: 39/39 MP: 6/6
  3083 | D:3      | Found a deep blue altar of Sif Muna.
  3702 | D:4      | Demolished by an ogre

Skill      XL: |  1  2  3  4  5 |
---------------+----------------+-----
Axes           | 2 |  2.8
Shields        | 4 5 |  5.1
Fighting       | 4 |  4.8
Armour         | 4 |  4.5
Dodging        | |  0.2
Invocations    | |  0.2

Action                   |  1- 3 |  4- 6 || total
-------------------------+-------+-------++-------
Melee: War axe           |    98 |   216 ||   314
  Use: Potion            |       |     1 ||     1
       Scroll            |       |     3 ||     3
  Eat: Chunk             |     2 |     7 ||     9
Armor: Scale mail        |    56 |   161 ||   217
       Chain mail        |       |    12 ||    12
Dodge: Dodged            |    35 |   114 ||   149
Block: Shield            |    60 |   195 ||   255
